2953 views
Uploaded 2020-03-14 22:58:28
Game version 1.32.2
30:55 long 3on3 ladder game on (6)UpperKingdom
Saved by BEARAND
2953 views
Uploaded 2020-03-14 22:58:28
Game version 1.32.2
30:55 long 3on3 ladder game on (6)UpperKingdom


93 units @ 8.9k
/ 0.9k
253 buildings @ 18.9k
/ 9.2k



| Staff of Sanctuary | 3 | 750 |
| Lesser Clarity Potion | 1 | 70 |
| Potion of Healing | 1 | 150 |
| Potion of Mana | 2 | 400 |
| Orb of Venom | 2 | 650 |
| Healing Salve | 1 | 100 |
| total: | 10 | 2120g |
| Peasant | 14 | 1050 | / | 0 |
| Priest | 1 | 135 | / | 10 |
| Dragonhawk Rider | 5 | 1000 | / | 150 |
| total: | 20 | 2185g | / | 160w |
| Scout Tower | 157 | 4710 | / | 3140 |
| Arcane Tower | 13 | 910 | / | 650 |
| Guard Tower | 100 | 7000 | / | 5000 |
| Altar of Kings | 1 | 180 | / | 50 |
| Farm | 7 | 560 | / | 140 |
| Lumber Mill | 1 | 120 | / | 0 |
| Arcane Vault | 4 | 520 | / | 120 |
| Blacksmith | 1 | 140 | / | 60 |
| Barracks | 1 | 160 | / | 60 |
| Town Hall | 1 | 385 | / | 205 |
| Arcane Sanctum | 1 | 150 | / | 140 |
| Gryphon Aviary | 1 | 140 | / | 150 |
| Keep | 1 | 320 | / | 210 |
| Castle | 1 | 360 | / | 210 |
| total: | 175 | 7065g | / | 4065w |
| 0:02 | Peasant |
| 0:02 | Peasant |
| 0:07 | Altar of Kings |
| 0:12 | Peasant |
| 0:18 | Farm |
| 0:24 | Lumber Mill |
| 0:36 | Peasant |
| 0:41 | Peasant |
| 0:49 | Peasant |
| 1:06 | Peasant |
| 1:15 | Scout Tower |
| 1:21 | Scout Tower |
| 1:35 | Scout Tower |
| 1:44 | Farm |
| 1:51 | Arcane Tower |
| 1:58 | Scout Tower |
| 2:01 | Peasant |
| 2:02 | Peasant |
| 2:04 | Arcane Tower |
| 2:08 | Blizzard |
| 2:21 | Peasant |
| 2:22 | Arcane Tower |
| 2:24 | Scout Tower |
| 2:29 | Scout Tower |
| 2:44 | Guard Tower |
| 2:45 | Scout Tower |
| 2:47 | Scout Tower |
| 2:53 | Guard Tower |
| 2:54 | Scout Tower |
| 3:00 | Guard Tower |
| 3:03 | Peasant |
| 3:03 | Peasant |
| 3:03 | Peasant |
| 3:04 | Peasant |
| 3:15 | Guard Tower |
| 3:17 | Scout Tower |
| 3:19 | Scout Tower |
| 3:19 | Scout Tower |
| 3:22 | Guard Tower |
| 3:23 | Scout Tower |
| 3:23 | Scout Tower |
| 3:24 | Scout Tower |
| 3:32 | Guard Tower |
| 3:56 | Guard Tower |
| 3:57 | Scout Tower |
| 3:58 | Guard Tower |
| 3:59 | Scout Tower |
| 3:59 | Scout Tower |
| 4:12 | Improved Masonry |
| 4:13 | Keep |
| 4:15 | Brilliance Aura |
| 4:16 | Farm |
| 4:31 | Guard Tower |
| 4:38 | Guard Tower |
| 4:39 | Guard Tower |
| 4:40 | Guard Tower |
| 4:41 | Scout Tower |
| 4:42 | Scout Tower |
| 4:45 | Scout Tower |
| 4:45 | Scout Tower |
| 4:46 | Scout Tower |
| 5:21 | Guard Tower |
| 5:21 | Guard Tower |
| 5:24 | Scout Tower |
| 5:24 | Scout Tower |
| 5:26 | Guard Tower |
| 5:29 | Scout Tower |
| 5:31 | Guard Tower |
| 5:32 | Scout Tower |
| 5:33 | Scout Tower |
| 5:34 | Scout Tower |
| 5:34 | Scout Tower |
| 5:34 | Scout Tower |
| 5:40 | Guard Tower |
| 5:41 | Scout Tower |
| 5:42 | Scout Tower |
| 5:42 | Scout Tower |
| 5:51 | Blizzard |
| 6:21 | Arcane Tower |
| 6:22 | Guard Tower |
| 6:28 | Guard Tower |
| 6:28 | Guard Tower |
| 6:30 | Guard Tower |
| 6:31 | Guard Tower |
| 6:35 | Arcane Sanctum |
| 7:18 | Advanced Masonry |
| 7:19 | Improved Lumber Harvesting |
| 7:33 | Storm Bolt |
| 7:56 | Magic Sentry |
| 7:56 | Priest |
| 7:57 | Castle |
| 8:00 | Guard Tower |
| 8:02 | Scout Tower |
| 8:02 | Scout Tower |
| 8:03 | Scout Tower |
| 8:03 | Scout Tower |
| 8:06 | Guard Tower |
| 8:09 | Scout Tower |
| 8:44 | Guard Tower |
| 8:45 | Scout Tower |
| 8:46 | Scout Tower |
| 8:47 | Scout Tower |
| 8:49 | Arcane Vault |
| 9:08 | Guard Tower |
| 9:10 | Arcane Vault |
| 9:12 | Guard Tower |
| 10:02 | Scout Tower |
| 10:02 | Scout Tower |
| 10:03 | Scout Tower |
| 10:03 | Scout Tower |
| 10:31 | Farm |
| 10:34 | Guard Tower |
| 10:34 | Guard Tower |
| 10:38 | Guard Tower |
| 10:39 | Guard Tower |
| 10:48 | Scout Tower |
| 10:49 | Scout Tower |
| 11:08 | Scout Tower |
| 11:08 | Scout Tower |
| 11:11 | Scout Tower |
| 11:11 | Scout Tower |
| 11:17 | Farm |
| 11:17 | Farm |
| 11:21 | Gryphon Aviary |
| 11:21 | Blacksmith |
| 11:51 | Brilliance Aura |
| 11:59 | Guard Tower |
| 12:01 | Guard Tower |
| 12:19 | Bash |
| 12:26 | Imbued Masonry |
| 12:37 | Scout Tower |
| 12:37 | Scout Tower |
| 12:42 | Scout Tower |
| 12:43 | Scout Tower |
| 12:49 | Guard Tower |
| 12:55 | Arcane Tower |
| 13:09 | Arcane Vault |
| 13:13 | Holy Light |
| 13:21 | Guard Tower |
| 13:47 | Dragonhawk Rider |
| 13:48 | Dragonhawk Rider |
| 13:52 | Scout Tower |
| 13:56 | Scout Tower |
| 14:07 | Guard Tower |
| 14:17 | Guard Tower |
| 14:27 | Guard Tower |
| 14:28 | Guard Tower |
| 14:32 | Guard Tower |
| 14:33 | Scout Tower |
| 14:34 | Scout Tower |
| 14:34 | Scout Tower |
| 14:35 | Scout Tower |
| 14:35 | Scout Tower |
| 14:35 | Scout Tower |
| 14:45 | Scout Tower |
| 14:46 | Scout Tower |
| 14:47 | Scout Tower |
| 14:47 | Scout Tower |
| 14:47 | Scout Tower |
| 14:48 | Scout Tower |
| 14:48 | Guard Tower |
| 15:00 | Barracks |
| 15:03 | Dragonhawk Rider |
| 15:06 | Dragonhawk Rider |
| 15:15 | Scout Tower |
| 15:16 | Scout Tower |
| 15:22 | Staff of Sanctuary |
| 15:31 | Guard Tower |
| 16:42 | Guard Tower |
| 17:02 | Arcane Vault |
| 17:06 | Guard Tower |
| 17:09 | Town Hall |
| 17:11 | Scout Tower |
| 17:11 | Scout Tower |
| 17:12 | Scout Tower |
| 17:12 | Scout Tower |
| 17:13 | Scout Tower |
| 17:13 | Scout Tower |
| 17:14 | Scout Tower |
| 17:14 | Scout Tower |
| 17:15 | Scout Tower |
| 17:16 | Scout Tower |
| 17:16 | Scout Tower |
| 17:17 | Scout Tower |
| 17:17 | Scout Tower |
| 17:18 | Scout Tower |
| 17:18 | Scout Tower |
| 17:19 | Scout Tower |
| 17:19 | Scout Tower |
| 17:19 | Scout Tower |
| 17:20 | Scout Tower |
| 17:20 | Scout Tower |
| 17:20 | Scout Tower |
| 17:20 | Scout Tower |
| 17:23 | Scout Tower |
| 17:24 | Scout Tower |
| 17:24 | Scout Tower |
| 17:25 | Scout Tower |
| 17:40 | Orb of Venom |
| 17:44 | Orb of Venom |
| 17:48 | Guard Tower |
| 17:48 | Guard Tower |
| 17:49 | Guard Tower |
| 17:51 | Staff of Sanctuary |
| 17:57 | Guard Tower |
| 18:05 | Farm |
| 18:26 | Staff of Sanctuary |
| 18:40 | Iron Forged Swords |
| 18:40 | Studded Leather Armor |
| 18:54 | Scout Tower |
| 18:55 | Scout Tower |
| 18:56 | Scout Tower |
| 18:56 | Scout Tower |
| 18:56 | Scout Tower |
| 18:58 | Animal War Training |
| 19:00 | Scout Tower |
| 19:00 | Scout Tower |
| 19:00 | Scout Tower |
| 19:01 | Scout Tower |
| 19:01 | Scout Tower |
| 19:01 | Scout Tower |
| 19:45 | Healing Salve |
| 19:51 | Guard Tower |
| 19:51 | Guard Tower |
| 19:54 | Arcane Tower |
| 19:55 | Arcane Tower |
| 19:57 | Scout Tower |
| 19:58 | Scout Tower |
| 19:59 | Scout Tower |
| 19:59 | Scout Tower |
| 20:02 | Scout Tower |
| 20:02 | Scout Tower |
| 20:02 | Scout Tower |
| 20:03 | Scout Tower |
| 20:48 | Divine Shield |
| 20:51 | Guard Tower |
| 20:55 | Scout Tower |
| 20:56 | Scout Tower |
| 20:56 | Scout Tower |
| 20:57 | Scout Tower |
| 20:57 | Scout Tower |
| 20:58 | Scout Tower |
| 20:59 | Scout Tower |
| 20:59 | Scout Tower |
| 21:16 | Arcane Tower |
| 21:16 | Arcane Tower |
| 21:17 | Guard Tower |
| 21:18 | Guard Tower |
| 21:22 | Scout Tower |
| 21:22 | Scout Tower |
| 21:25 | Scout Tower |
| 21:25 | Scout Tower |
| 21:26 | Scout Tower |
| 21:26 | Scout Tower |
| 21:27 | Scout Tower |
| 21:27 | Scout Tower |
| 21:28 | Scout Tower |
| 21:55 | Arcane Tower |
| 22:09 | Storm Bolt |
| 22:23 | Guard Tower |
| 22:24 | Guard Tower |
| 22:25 | Guard Tower |
| 22:28 | Scout Tower |
| 22:29 | Scout Tower |
| 22:29 | Scout Tower |
| 22:30 | Scout Tower |
| 22:30 | Scout Tower |
| 22:30 | Scout Tower |
| 22:31 | Scout Tower |
| 22:31 | Scout Tower |
| 22:31 | Scout Tower |
| 22:32 | Guard Tower |
| 22:46 | Dragonhawk Rider |
| 22:46 | Steel Forged Swords |
| 22:46 | Reinforced Leather Armor |
| 23:04 | Guard Tower |
| 23:13 | Guard Tower |
| 23:32 | Guard Tower |
| 23:44 | Guard Tower |
| 23:53 | Guard Tower |
| 24:03 | Scout Tower |
| 24:03 | Scout Tower |
| 24:03 | Scout Tower |
| 24:13 | Guard Tower |
| 24:14 | Cloud |
| 25:44 | Guard Tower |
| 26:21 | Guard Tower |
| 26:22 | Guard Tower |
| 26:36 | Lesser Clarity Potion |
| 26:38 | Guard Tower |
| 26:40 | Guard Tower |
| 26:45 | Advanced Lumber Harvesting |
| 26:46 | Mithril Forged Swords |
| 26:46 | Dragonhide Armor |
| 26:48 | Storm Hammers |
| 27:34 | Blizzard |
| 27:44 | Guard Tower |
| 27:44 | Scout Tower |
| 27:45 | Scout Tower |
| 27:45 | Scout Tower |
| 27:45 | Scout Tower |
| 27:59 | Holy Light |
| 29:33 | Arcane Tower |
| 29:34 | Guard Tower |
| 29:34 | Guard Tower |
| 29:39 | Potion of Healing |
| 29:40 | Potion of Mana |
| 29:43 | Potion of Mana |
| 29:52 | Scout Tower |
| 29:53 | Scout Tower |
| 29:53 | Scout Tower |
| 29:54 | Scout Tower |
| 29:54 | Scout Tower |
| 29:54 | Scout Tower |
| 29:55 | Scout Tower |
| 30:40 | Bash |
| Right click | 2807 |
| Select | 909 |
| Select group | 504 |
| Build/train/purchase | 269 |
| Use ability | 103 |
| Chat | 31 |
| Assign group | 16 |
| Minimap ping | 12 |
| Item give/drop | 11 |
| Misc. action | 10 |



| Orb of Venom | 2 | 650 |
| Scroll of Town Portal | 1 | 350 |
| Staff of Sanctuary | 3 | 750 |
| total: | 6 | 1750g |
| Wisp | 41 | 2460 | / | 0 |
| total: | 41 | 2460g | / | 0w |
| Altar of Elders | 1 | 180 | / | 50 |
| Moon Well | 24 | 4320 | / | 960 |
| Tree of Life | 4 | 1360 | / | 740 |
| Hunter's Hall | 1 | 210 | / | 100 |
| Ancient of Wonders | 5 | 450 | / | 150 |
| Tree of Ages | 2 | 640 | / | 360 |
| Tree of Eternity | 1 | 330 | / | 200 |
| total: | 35 | 6520g | / | 2000w |
| 0:01 | Wisp |
| 0:03 | Altar of Elders |
| 0:04 | Wisp |
| 0:21 | Wisp |
| 0:31 | Moon Well |
| 0:35 | Wisp |
| 0:54 | Moon Well |
| 0:57 | Wisp |
| 0:57 | Wisp |
| 1:14 | Wisp |
| 1:24 | Wisp |
| 1:28 | Wisp |
| 1:45 | Wisp |
| 2:11 | Wisp |
| 2:20 | Entangling Roots |
| 2:25 | Wisp |
| 2:37 | Wisp |
| 3:10 | Wisp |
| 3:17 | Wisp |
| 3:25 | Moon Well |
| 4:01 | Wisp |
| 4:28 | Moon Well |
| 5:02 | Tree of Ages |
| 5:48 | Thorns Aura |
| 6:22 | Moon Well |
| 6:26 | Moon Well |
| 6:45 | Tree of Life |
| 7:31 | Tree of Life |
| 7:58 | Tree of Eternity |
| 8:42 | Frost Arrows |
| 8:57 | Wisp |
| 9:07 | Hunter's Hall |
| 9:12 | Wisp |
| 9:13 | Wisp |
| 9:33 | Wisp |
| 9:40 | Nature's Blessing |
| 10:36 | Wisp |
| 10:36 | Wisp |
| 10:37 | Wisp |
| 10:38 | Well Spring |
| 10:41 | Wisp |
| 11:21 | Breath of Fire |
| 11:25 | Wisp |
| 11:25 | Wisp |
| 11:26 | Wisp |
| 11:56 | Scroll of Town Portal |
| 12:03 | Staff of Sanctuary |
| 12:13 | Wisp |
| 12:13 | Wisp |
| 12:24 | Wisp |
| 12:24 | Wisp |
| 12:25 | Wisp |
| 13:00 | Entangling Roots |
| 13:03 | Wisp |
| 13:04 | Wisp |
| 13:04 | Wisp |
| 13:04 | Wisp |
| 13:25 | Ancient of Wonders |
| 13:26 | Ancient of Wonders |
| 13:30 | Ancient of Wonders |
| 13:33 | Moon Well |
| 13:47 | Wisp |
| 13:52 | Ancient of Wonders |
| 13:53 | Ancient of Wonders |
| 13:55 | Moon Well |
| 13:55 | Moon Well |
| 13:57 | Ultravision |
| 14:18 | Tree of Life |
| 14:26 | Forked Lightning |
| 14:34 | Moon Well |
| 14:46 | Wisp |
| 14:46 | Wisp |
| 15:16 | Wisp |
| 15:22 | Orb of Venom |
| 15:28 | Orb of Venom |
| 15:36 | Moon Well |
| 15:38 | Moon Well |
| 15:53 | Moon Well |
| 15:55 | Moon Well |
| 15:55 | Moon Well |
| 16:05 | Staff of Sanctuary |
| 16:24 | Drunken Haze |
| 16:37 | Moon Well |
| 16:41 | Moon Well |
| 17:08 | Tree of Life |
| 18:18 | Staff of Sanctuary |
| 18:50 | Wisp |
| 19:33 | Moon Well |
| 19:34 | Moon Well |
| 19:38 | Moon Well |
| 19:39 | Moon Well |
| 20:22 | Frost Arrows |
| 22:09 | Thorns Aura |
| 23:25 | Breath of Fire |
| 23:57 | Moon Well |
| 23:58 | Moon Well |
| 28:45 | Forked Lightning |
| 29:19 | Moon Well |
| Right click | 2139 |
| Select group | 1247 |
| Assign group | 404 |
| Resource trade | 315 |
| Select | 306 |
| Build/train/purchase | 127 |
| Use ability | 104 |
| Chat | 8 |
| Misc. action | 7 |
| Item give/drop | 4 |
| Remove unit | 2 |
| Minimap ping | 1 |


| Healing Salve | 3 | 300 |
| Orb of Lightning | 1 | 375 |
| Staff of Sanctuary | 2 | 500 |
| total: | 6 | 1175g |
| Peon | 12 | 900 | / | 0 |
| Troll Batrider | 19 | 3040 | / | 760 |
| Polar Furbolg Shaman | 1 | 275 | / | 30 |
| total: | 32 | 4215g | / | 790w |
| Watch Tower | 30 | 3300 | / | 2400 |
| Altar of Storms | 1 | 180 | / | 50 |
| Orc Burrow | 4 | 640 | / | 160 |
| War Mill | 1 | 205 | / | 0 |
| Voodoo Lounge | 4 | 520 | / | 120 |
| Beastiary | 3 | 435 | / | 420 |
| Stronghold | 1 | 315 | / | 190 |
| Fortress | 1 | 325 | / | 190 |
| total: | 43 | 5280g | / | 3150w |
| 0:01 | Peon |
| 0:04 | Altar of Storms |
| 0:06 | Peon |
| 0:18 | Orc Burrow |
| 0:23 | Peon |
| 0:41 | Peon |
| 0:49 | War Mill |
| 0:54 | Peon |
| 1:03 | Peon |
| 1:22 | Peon |
| 1:38 | Peon |
| 1:40 | Orc Burrow |
| 1:55 | Peon |
| 2:00 | Watch Tower |
| 2:02 | Watch Tower |
| 2:06 | Wind Walk |
| 2:10 | Peon |
| 2:23 | Watch Tower |
| 2:25 | Watch Tower |
| 3:21 | Peon |
| 3:21 | Peon |
| 3:36 | Voodoo Lounge |
| 3:38 | Voodoo Lounge |
| 4:17 | Watch Tower |
| 4:19 | Watch Tower |
| 4:53 | Watch Tower |
| 5:04 | Voodoo Lounge |
| 5:08 | Voodoo Lounge |
| 5:10 | Stronghold |
| 5:14 | Watch Tower |
| 5:16 | Watch Tower |
| 5:19 | Watch Tower |
| 5:37 | Healing Salve |
| 5:53 | Critical Strike |
| 6:03 | Watch Tower |
| 6:05 | Watch Tower |
| 6:23 | Spiked Barricades |
| 6:26 | Watch Tower |
| 6:28 | Watch Tower |
| 6:32 | Watch Tower |
| 6:43 | Polar Furbolg Shaman |
| 7:48 | Watch Tower |
| 8:07 | Healing Salve |
| 8:14 | Fortress |
| 8:18 | Beastiary |
| 8:37 | Reinforced Defenses |
| 8:40 | Watch Tower |
| 9:06 | Wind Walk |
| 9:19 | Healing Wave |
| 10:54 | Liquid Fire |
| 10:55 | Beastiary |
| 10:57 | Beastiary |
| 11:01 | Watch Tower |
| 11:01 | Watch Tower |
| 11:14 | Watch Tower |
| 11:16 | Orc Burrow |
| 11:17 | Orc Burrow |
| 11:18 | Steel Ranged Weapons |
| 11:43 | Orb of Lightning |
| 12:10 | Watch Tower |
| 12:10 | Watch Tower |
| 12:22 | Troll Batrider |
| 12:25 | Healing Salve |
| 13:45 | Hex |
| 14:02 | Troll Batrider |
| 14:08 | Troll Batrider |
| 14:10 | Thorium Ranged Weapons |
| 14:35 | Watch Tower |
| 14:36 | Watch Tower |
| 14:36 | Watch Tower |
| 14:57 | Critical Strike |
| 15:03 | Troll Batrider |
| 15:51 | Arcanite Ranged Weapons |
| 15:51 | Steel Armor |
| 16:44 | Troll Batrider |
| 16:44 | Troll Batrider |
| 17:02 | Troll Batrider |
| 18:14 | Troll Batrider |
| 18:28 | Watch Tower |
| 18:28 | Watch Tower |
| 18:49 | Watch Tower |
| 19:26 | Troll Batrider |
| 19:41 | Watch Tower |
| 19:44 | Watch Tower |
| 20:32 | Staff of Sanctuary |
| 21:08 | Thorium Armor |
| 22:21 | Healing Wave |
| 22:24 | Troll Batrider |
| 22:24 | Troll Batrider |
| 23:01 | Troll Batrider |
| 24:19 | Troll Batrider |
| 24:19 | Troll Batrider |
| 24:21 | Critical Strike |
| 24:46 | Troll Batrider |
| 24:47 | Troll Batrider |
| 25:35 | Troll Batrider |
| 28:45 | Troll Batrider |
| 29:19 | Staff of Sanctuary |
| 30:02 | Troll Batrider |
| Right click | 2556 |
| Select | 1014 |
| Select group | 604 |
| Build/train/purchase | 157 |
| Assign group | 137 |
| Use ability | 108 |
| Chat | 30 |
| Minimap ping | 18 |
| Item give/drop | 7 |
| Misc. action | 1 |
157 units @ 25.9k
/ 4.7k
75 buildings @ 10.6k
/ 4.5k



| Peasant | 20 | 1500 | / | 0 |
| Footman | 9 | 1215 | / | 0 |
| Gryphon Rider | 6 | 1680 | / | 420 |
| Dragonhawk Rider | 4 | 800 | / | 120 |
| Siege Engine | 8 | 1560 | / | 480 |
| total: | 47 | 6755g | / | 1020w |
| Scout Tower | 9 | 270 | / | 180 |
| Arcane Tower | 2 | 140 | / | 100 |
| Guard Tower | 3 | 210 | / | 150 |
| Altar of Kings | 2 | 360 | / | 100 |
| Farm | 9 | 720 | / | 180 |
| Barracks | 2 | 320 | / | 120 |
| Blacksmith | 1 | 140 | / | 60 |
| Lumber Mill | 1 | 120 | / | 0 |
| Arcane Vault | 1 | 130 | / | 30 |
| Town Hall | 2 | 770 | / | 410 |
| Cannon Tower | 2 | 240 | / | 200 |
| Arcane Sanctum | 1 | 150 | / | 140 |
| Gryphon Aviary | 3 | 420 | / | 450 |
| Workshop | 2 | 280 | / | 280 |
| Keep | 1 | 320 | / | 210 |
| Castle | 2 | 720 | / | 420 |
| total: | 33 | 3680g | / | 1950w |
| 0:03 | Peasant |
| 0:03 | Peasant |
| 0:10 | Altar of Kings |
| 0:13 | Farm |
| 0:16 | Altar of Kings |
| 0:21 | Peasant |
| 0:21 | Peasant |
| 0:38 | Barracks |
| 0:39 | Barracks |
| 0:55 | Farm |
| 1:00 | Peasant |
| 1:01 | Peasant |
| 1:01 | Peasant |
| 1:10 | Peasant |
| 1:21 | Peasant |
| 1:35 | Farm |
| 1:43 | Footman |
| 1:46 | Scout Tower |
| 2:03 | Peasant |
| 2:03 | Peasant |
| 2:05 | Footman |
| 2:14 | Farm |
| 2:23 | Arcane Tower |
| 2:32 | Holy Light |
| 3:09 | Footman |
| 3:09 | Footman |
| 3:09 | Footman |
| 3:38 | Blacksmith |
| 3:41 | Peasant |
| 4:26 | Peasant |
| 4:40 | Devotion Aura |
| 4:45 | Peasant |
| 4:47 | Farm |
| 4:51 | Lumber Mill |
| 4:55 | Footman |
| 5:11 | Footman |
| 5:16 | Keep |
| 6:01 | Farm |
| 6:03 | Scout Tower |
| 6:05 | Farm |
| 6:14 | Footman |
| 6:20 | Arcane Vault |
| 6:39 | Town Hall |
| 7:40 | Footman |
| 8:10 | Improved Lumber Harvesting |
| 8:26 | Holy Light |
| 8:40 | Peasant |
| 8:40 | Peasant |
| 8:41 | Peasant |
| 8:51 | Castle |
| 8:56 | Arcane Sanctum |
| 9:13 | Improved Masonry |
| 10:04 | Summon Water Elemental |
| 10:48 | Gryphon Aviary |
| 10:49 | Gryphon Aviary |
| 10:51 | Guard Tower |
| 12:12 | Gryphon Rider |
| 12:14 | Storm Hammers |
| 12:17 | Animal War Training |
| 12:36 | Gryphon Rider |
| 13:04 | Iron Forged Swords |
| 13:05 | Studded Leather Armor |
| 13:07 | Gryphon Rider |
| 13:07 | Gryphon Rider |
| 13:57 | Gryphon Aviary |
| 14:08 | Steel Forged Swords |
| 14:13 | Advanced Masonry |
| 14:17 | Brilliance Aura |
| 14:55 | Gryphon Rider |
| 15:19 | Scout Tower |
| 15:20 | Peasant |
| 15:20 | Peasant |
| 15:20 | Peasant |
| 15:25 | Cloud |
| 15:27 | Gryphon Rider |
| 15:44 | Farm |
| 16:40 | Dragonhawk Rider |
| 16:41 | Dragonhawk Rider |
| 16:41 | Dragonhawk Rider |
| 16:43 | Dragonhawk Rider |
| 16:51 | Mithril Forged Swords |
| 16:52 | Reinforced Leather Armor |
| 17:39 | Arcane Tower |
| 20:20 | Workshop |
| 20:22 | Black Gunpowder |
| 20:25 | Workshop |
| 21:11 | Storm Bolt |
| 21:27 | Siege Engine |
| 21:32 | Farm |
| 21:46 | Scout Tower |
| 21:51 | Scout Tower |
| 22:22 | Cannon Tower |
| 22:23 | Scout Tower |
| 22:25 | Scout Tower |
| 22:51 | Guard Tower |
| 22:52 | Guard Tower |
| 23:02 | Magic Sentry |
| 23:17 | Scout Tower |
| 23:19 | Scout Tower |
| 23:24 | Town Hall |
| 23:45 | Siege Engine |
| 24:27 | Siege Engine |
| 24:31 | Refined Gunpowder |
| 24:32 | Iron Plating |
| 24:50 | Cannon Tower |
| 25:47 | Siege Engine |
| 25:52 | Imbued Gunpowder |
| 26:39 | Siege Engine |
| 26:42 | Barrage |
| 27:35 | Siege Engine |
| 27:35 | Siege Engine |
| 27:35 | Siege Engine |
| 28:28 | Steel Plating |
| 30:13 | Devotion Aura |
| Right click | 1418 |
| Select | 425 |
| Select group | 247 |
| Build/train/purchase | 104 |
| Assign group | 73 |
| Misc. action | 71 |
| Chat | 51 |
| Use ability | 25 |
| Minimap ping | 21 |
| Esc | 8 |
| Item give/drop | 5 |
| Remove unit | 4 |


| Potion of Mana | 2 | 400 |
| total: | 2 | 400g |
| Peon | 20 | 1500 | / | 0 |
| Troll Headhunter | 2 | 280 | / | 40 |
| Grunt | 3 | 600 | / | 0 |
| Raider | 4 | 720 | / | 160 |
| Shaman | 4 | 520 | / | 80 |
| Kodo Beast | 1 | 255 | / | 60 |
| Spirit Walker | 2 | 390 | / | 70 |
| Tauren | 5 | 1400 | / | 400 |
| Troll Witch Doctor | 1 | 145 | / | 25 |
| Demolisher | 4 | 880 | / | 200 |
| Troll Batrider | 8 | 1280 | / | 320 |
| total: | 54 | 7970g | / | 1355w |
| Watch Tower | 3 | 330 | / | 240 |
| Altar of Storms | 1 | 180 | / | 50 |
| Orc Burrow | 8 | 1280 | / | 320 |
| War Mill | 1 | 205 | / | 0 |
| Barracks | 1 | 180 | / | 50 |
| Voodoo Lounge | 1 | 130 | / | 30 |
| Great Hall | 1 | 385 | / | 185 |
| Beastiary | 1 | 145 | / | 140 |
| Spirit Lodge | 1 | 150 | / | 150 |
| Tauren Totem | 1 | 135 | / | 155 |
| Stronghold | 1 | 315 | / | 190 |
| Fortress | 1 | 325 | / | 190 |
| total: | 19 | 3120g | / | 1320w |
| 0:03 | Peon |
| 0:03 | Peon |
| 0:08 | Altar of Storms |
| 0:11 | Peon |
| 0:21 | Orc Burrow |
| 0:40 | War Mill |
| 0:49 | Peon |
| 0:54 | Peon |
| 1:08 | Peon |
| 1:23 | Peon |
| 1:44 | Barracks |
| 1:54 | Orc Burrow |
| 2:16 | Voodoo Lounge |
| 2:29 | Wind Walk |
| 2:52 | Watch Tower |
| 3:00 | Troll Headhunter |
| 3:00 | Troll Headhunter |
| 3:28 | Stronghold |
| 3:51 | Orc Burrow |
| 4:16 | Grunt |
| 4:18 | Grunt |
| 5:14 | Orc Burrow |
| 6:00 | Beastiary |
| 6:06 | Watch Tower |
| 6:15 | Spirit Lodge |
| 6:34 | Critical Strike |
| 6:46 | Berserker Strength |
| 6:46 | Grunt |
| 6:52 | Potion of Mana |
| 6:52 | Potion of Mana |
| 6:58 | Healing Wave |
| 7:43 | Ensnare |
| 7:44 | Raider |
| 7:44 | Raider |
| 7:47 | Shaman |
| 7:47 | Shaman |
| 8:42 | Steel Armor |
| 8:43 | Steel Melee Weapons |
| 10:01 | Kodo Beast |
| 10:54 | Hex |
| 10:57 | Critical Strike |
| 11:05 | Fortress |
| 11:10 | Tauren Totem |
| 12:02 | Orc Burrow |
| 12:28 | Great Hall |
| 12:47 | Spirit Walker |
| 12:48 | Spirit Walker |
| 13:59 | Watch Tower |
| 14:06 | Tauren |
| 14:06 | Tauren |
| 14:07 | Tauren |
| 14:07 | Tauren |
| 14:08 | Tauren |
| 14:18 | Orc Burrow |
| 15:34 | Peon |
| 15:34 | Peon |
| 15:34 | Peon |
| 15:35 | Peon |
| 15:45 | Peon |
| 15:46 | Peon |
| 15:46 | Peon |
| 16:31 | Reinforced Defenses |
| 16:59 | Peon |
| 16:59 | Peon |
| 16:59 | Peon |
| 16:59 | Peon |
| 17:39 | Orc Burrow |
| 17:41 | Orc Burrow |
| 18:08 | Peon |
| 18:09 | Peon |
| 19:49 | Raider |
| 19:49 | Raider |
| 21:01 | Shaman Adept Training |
| 21:02 | Shaman |
| 21:02 | Shaman |
| 21:03 | Troll Witch Doctor |
| 21:05 | Witch Doctor Adept Training |
| 25:05 | Demolisher |
| 25:05 | Demolisher |
| 25:06 | Demolisher |
| 25:06 | Demolisher |
| 28:45 | Troll Batrider |
| 28:45 | Troll Batrider |
| 28:46 | Troll Batrider |
| 28:46 | Troll Batrider |
| 28:46 | Troll Batrider |
| 28:46 | Troll Batrider |
| 28:46 | Troll Batrider |
| 28:46 | Troll Batrider |
| Right click | 1304 |
| Select group | 710 |
| Select | 366 |
| Build/train/purchase | 84 |
| Use ability | 58 |
| Assign group | 25 |
| Esc | 8 |
| Misc. action | 4 |
| Minimap ping | 4 |
| Remove unit | 2 |
| Item give/drop | 1 |


| Rod of Necromancy | 4 | 600 |
| Orb of Corruption | 1 | 375 |
| Scroll of Town Portal | 1 | 350 |
| total: | 6 | 1325g |
| Acolyte | 19 | 1425 | / | 0 |
| Ghoul | 3 | 360 | / | 0 |
| Crypt Fiend | 13 | 2795 | / | 520 |
| Obsidian Statue | 4 | 800 | / | 140 |
| Frost Wyrm | 12 | 4620 | / | 1440 |
| Meat Wagon | 5 | 1150 | / | 250 |
| total: | 56 | 11150g | / | 2350w |
| Nerubian Tower | 3 | 300 | / | 60 |
| Spirit Tower | 2 | 290 | / | 80 |
| Graveyard | 2 | 430 | / | 0 |
| Crypt | 3 | 600 | / | 150 |
| Altar of Darkness | 1 | 180 | / | 50 |
| Ziggurat | 10 | 1500 | / | 500 |
| Tomb of Relics | 2 | 260 | / | 60 |
| Necropolis | 2 | 450 | / | 0 |
| Slaughterhouse | 1 | 140 | / | 135 |
| Sacrificial Pit | 1 | 75 | / | 150 |
| Boneyard | 1 | 175 | / | 200 |
| Halls of the Dead | 1 | 320 | / | 210 |
| Black Citadel | 1 | 325 | / | 230 |
| total: | 23 | 3810g | / | 1245w |
| 0:04 | Acolyte |
| 0:08 | Graveyard |
| 0:10 | Graveyard |
| 0:15 | Crypt |
| 0:17 | Crypt |
| 0:19 | Crypt |
| 0:20 | Acolyte |
| 0:42 | Altar of Darkness |
| 0:57 | Ziggurat |
| 1:20 | Ghoul |
| 1:29 | Tomb of Relics |
| 1:50 | Crypt Fiend |
| 2:03 | Ziggurat |
| 2:22 | Crypt Fiend |
| 2:22 | Crypt Fiend |
| 2:35 | Nerubian Tower |
| 2:51 | Frost Nova |
| 3:04 | Rod of Necromancy |
| 3:15 | Crypt Fiend |
| 3:44 | Crypt Fiend |
| 3:45 | Backpack |
| 4:20 | Halls of the Dead |
| 4:25 | Rod of Necromancy |
| 4:29 | Frost Armor |
| 4:38 | Ghoul |
| 5:07 | Ziggurat |
| 5:53 | Creature Attack |
| 6:07 | Frost Nova |
| 6:09 | Crypt Fiend |
| 6:21 | Rod of Necromancy |
| 6:55 | Black Citadel |
| 7:09 | Slaughterhouse |
| 7:30 | Crypt Fiend |
| 7:37 | Ziggurat |
| 7:52 | Dark Ritual |
| 8:01 | Burrow |
| 8:21 | Obsidian Statue |
| 9:02 | Crypt Fiend |
| 9:14 | Crypt Fiend |
| 9:31 | Crypt Fiend |
| 9:51 | Destroyer Form |
| 10:04 | Web |
| 10:06 | Orb of Corruption |
| 10:07 | Rod of Necromancy |
| 10:10 | Frost Nova |
| 10:39 | Crypt Fiend |
| 10:41 | Obsidian Statue |
| 10:44 | Acolyte |
| 11:13 | Necropolis |
| 11:38 | Creature Carapace |
| 12:27 | Improved Creature Attack |
| 12:50 | Acolyte |
| 12:50 | Acolyte |
| 12:50 | Acolyte |
| 12:50 | Acolyte |
| 12:52 | Ziggurat |
| 12:54 | Tomb of Relics |
| 12:57 | Acolyte |
| 13:52 | Sacrificial Pit |
| 13:53 | Ghoul |
| 14:35 | Acolyte |
| 14:43 | Obsidian Statue |
| 14:45 | Boneyard |
| 14:59 | Nerubian Tower |
| 15:01 | Ziggurat |
| 15:02 | Ziggurat |
| 15:11 | Acolyte |
| 15:23 | Acolyte |
| 15:44 | Stone Form |
| 16:17 | Acolyte |
| 16:17 | Acolyte |
| 16:17 | Acolyte |
| 16:20 | Scroll of Town Portal |
| 16:33 | Frost Wyrm |
| 16:50 | Spirit Tower |
| 16:51 | Spirit Tower |
| 16:57 | Improved Creature Carapace |
| 17:31 | Frost Wyrm |
| 18:03 | Frost Wyrm |
| 19:04 | Frost Wyrm |
| 19:30 | Frost Wyrm |
| 19:39 | Frost Wyrm |
| 19:41 | Meat Wagon |
| 19:49 | Acolyte |
| 20:26 | Frost Wyrm |
| 20:39 | Meat Wagon |
| 20:54 | Necropolis |
| 20:58 | Meat Wagon |
| 21:07 | Advanced Creature Attack |
| 21:08 | Unholy Strength |
| 21:51 | Meat Wagon |
| 22:20 | Frost Wyrm |
| 22:27 | Sleep |
| 22:32 | Meat Wagon |
| 22:36 | Acolyte |
| 22:36 | Acolyte |
| 22:36 | Acolyte |
| 22:36 | Acolyte |
| 23:44 | Crypt Fiend |
| 24:10 | Obsidian Statue |
| 24:23 | Crypt Fiend |
| 24:23 | Frost Wyrm |
| 27:03 | Frost Wyrm |
| 28:11 | Frost Wyrm |
| 28:40 | Frost Wyrm |
| 29:00 | Ziggurat |
| 29:01 | Ziggurat |
| 29:01 | Ziggurat |
| Right click | 2411 |
| Select group | 2328 |
| Select | 1129 |
| Misc. action | 521 |
| Build/train/purchase | 168 |
| Use ability | 94 |
| Assign group | 72 |
| Minimap ping | 8 |
| Item give/drop | 6 |
| Resource trade | 6 |
| Esc | 5 |
⇛